 Dungeon Crawl Stone Soup version 0.21-b1-23-g1fb0a74c36 (webtiles) character file.

7392 RKaid the Cleaver (level 10, -10/94 HPs)
             Began as a Deep Dwarf Fighter on Jan 5, 2018.
             Was an Elder of Okawaru.
             Mangled by weresquid's ghost (15 damage)
             ... on level 1 of the Lair of Beasts.
             The game lasted 00:17:12 (7861 turns).

RKaid the Cleaver (Deep Dwarf Fighter)              Turns: 7861, Time: 00:17:13

Health: -10/94     AC: 18    Str: 23    XL:     10   Next: 92%
Magic:  1/1        EV:  6    Int:  9    God:    Okawaru [****..]
Gold:   515        SH: 11    Dex: 12    Spells: 9/9 levels left

rFire    + . .     SeeInvis .   a - +1 war axe
rCold    . . .     Gourm    .   r - +0 shield
rNeg     . . .     Faith    .   F - +1 plate armour
rPois    .         Spirit   .   (no helmet)
rElec    .         Reflect  .   B - +2 cloak
rCorr    .         Harm     .   (no gloves)
MR       +....                  (no boots)
Stlth    ..........             (no amulet)
HPRegen  0.00/turn              x - ring of fire {rF+, rC-}
MPRegen  0.07/turn              w - ring of protection from cold {rC+}

@: non-regenerating
A: damage resistance, heal wounds, sense surroundings 2, no regeneration
a: Heal Wounds, Heroism, Renounce Religion


You were on level 1 of the Lair of Beasts.
You worshipped Okawaru.
Okawaru was greatly pleased with you.
You were not hungry.

You visited 3 branches of the dungeon, and saw 11 of its levels.

You collected 580 gold pieces.
You spent 65 gold pieces at shops.

Inventory:

Hand Weapons
 a - a +1 war axe (weapon)
 b - a +1 hand axe of flaming
   (You found it on level 4 of the Dungeon)
Armour
 r - a +0 shield (worn)
 y - a +0 scale mail
 B - a +2 cloak (worn)
   (You took it off Crazy Yiuf on level 6 of the Dungeon)
 F - a +1 plate armour (worn)
   (You took it off an orc warrior on level 8 of the Dungeon)
Jewellery
 w - a ring of protection from cold (right hand) {rC+}
   (You found it on level 4 of the Dungeon)
 x - a ring of fire (left hand) {rF+, rC-}
   (You found it on level 5 of the Dungeon)
 A - an uncursed ring of ice {rC+, rF-}
   (You took it off a crimson imp on level 8 of the Dungeon)
Wands
 k - a wand of polymorph (16)
   (You found it on level 1 of the Lair of Beasts)
 D - a wand of digging (11)
   (You found it on level 7 of the Dungeon)
Scrolls
 j - 4 scrolls of magic mapping {!r}
 l - 2 scrolls of blinking {!r}
 n - a scroll of immolation {!r}
 o - a scroll of remove curse
 q - 7 scrolls of amnesia
 t - 5 scrolls of teleportation
 z - 2 scrolls of enchant armour
Potions
 c - 2 potions of curing
 d - 2 potions of might
 e - 2 potions of brilliance
 h - a potion of heal wounds
 p - a potion of magic
 s - 2 potions of flight
 u - a potion of invisibility
 v - 2 potions of berserk rage {!q}
Books
 C - the Compendium of Boosting Attacks
   (You found it on level 7 of the Dungeon)

   Spells                             Type                      Level
   a - Infusion                       Charms                       1
   b - Static Discharge               Conjuration/Air              3
   c - Irradiate                      Conjuration/Transmutation    5
   d - Conjure Ball Lightning         Conjuration/Air              6
Comestibles
 f - 14 rations
 g - 6 chunks of flesh


   Skills:
 + Level 7.4 Fighting
 * Level 11.5 Axes
 + Level 8.8 Armour
 + Level 8.9 Shields
 * Level 3.1 Invocations


You had 9 spell levels left.
You didn't know any spells.

Dungeon Overview and Level Annotations

Branches:
Dungeon (9/15)             Temple (1/1) D:4            Lair (1/6) D:8
    Orc: D:9-12

Altars:
Ashenzari
Cheibriados
Dithmenos
Elyvilon
Fedhas
Gozag
Hepliaklqana
Kikubaaqudgha
Makhleb
Nemelex Xobeh
Okawaru
Qazlal
Ru
Sif Muna
Trog
Uskayaw
Vehumet
Wu Jian
Xom
Yredelemnul
Zin
The Shining One

Shops:
D:5 ?   D:7 [

Annotations:
Lair:1 weresquid's ghost, journeyman TrCK


Innate Abilities, Weirdness & Mutations

You are resistant to damage.
You can heal yourself by infusing magical energy.
You passively map the area around you.
You do not regenerate.


Message History

You kill the orc priest!
Okawaru accepts your kill.
Things that are here:
a leather armour; an orc corpse You slice the howler monkey!!
You kill the howler monkey!
Okawaru accepts your kill.
Your Invocations skill increases to level 3!
You block the howler monkey's attack.
You see here a howler monkey corpse.
You closely miss the howler monkey. You block the howler monkey's attack.
You closely miss the howler monkey.
The howler monkey hits you but does no damage.
You hit the howler monkey. The howler monkey closely misses you.
The howler monkey hits you.
You slash the howler monkey!
The howler monkey hoots and howls with incredible vigour!
You hear a shout!
You hear an angry hiss.
You slash the howler monkey!
You kill the howler monkey!
Okawaru accepts your kill.
You are feeling hungry.
You see here a howler monkey corpse.
You butcher the howler monkey corpse.
g - 5 chunks of flesh (gained 1)
You feel much better.
Eating one of 5 chunks of flesh.
You eat one of the 5 chunks of flesh.
This raw flesh tastes terrible.
You butcher the orc corpse.
g - 6 chunks of flesh (gained 2)
Things that are here:
a leather armour; an orc skeleton
Things that are here:
a leather armour; an orc skeleton You see here a flail.
Found an escape hatch in the floor.
There is an escape hatch in the floor here.
An iguana comes into view.
The iguana hisses angrily.
A skeletal warrior comes into view. It is wielding a short sword.
There is an escape hatch in the floor here.
There is a stone staircase leading up here.
You climb upwards.
There is a stone staircase leading down here.
Things that are here:
a chain mail; a scimitar You see here 2 scrolls of noise {!r}.
There is a staircase to the Lair here.
You climb downwards.
Welcome back to the Lair of Beasts!
Level annotation: weresquid's ghost, journeyman TrCK Weresquid's ghost hits you but does no damage.
Weresquid's ghost hits you!
There is a staircase back to the Dungeon, spattered with blood here.
You closely miss weresquid's ghost. Weresquid's ghost hits you!
* * * LOW HITPOINT WARNING * * *
A porcupine comes into view.
The porcupine bites you!
* * * LOW HITPOINT WARNING * * *
The porcupine bites you.
You slash the porcupine! You block the porcupine's attack.
You slash the porcupine!
You kill the porcupine!
Okawaru accepts your kill.
Weresquid's ghost whispers, "It is all a dream - a grotesque and foolish dream."
There is a staircase back to the Dungeon, spattered with blood here.
You block weresquid's ghost's attack.
You climb upwards.
Welcome back to the Dungeon!
There is a staircase to the Lair here.
You feel much better.
You fail to use your ability.
You feel much better.
Okay, then.
You don't have enough magic capacity.
Okay, then.
You climb downwards.
Welcome back to the Lair of Beasts!
Level annotation: weresquid's ghost, journeyman TrCK Weresquid's ghost hits you!
There is a staircase back to the Dungeon, spattered with blood here.
You slash weresquid's ghost!
Weresquid's ghost completely misses you.
You closely miss weresquid's ghost. Weresquid's ghost hits you!
You hit weresquid's ghost but do no damage.
You block weresquid's ghost's attack.
You closely miss weresquid's ghost. Weresquid's ghost hits you!!
* * * LOW HITPOINT WARNING * * *
You completely miss weresquid's ghost. You block weresquid's ghost's attack.
You closely miss weresquid's ghost. You block weresquid's ghost's attack.
You closely miss weresquid's ghost. You block weresquid's ghost's attack.
You slash weresquid's ghost!
Weresquid's ghost hits you but does no damage.
Your shield and plate armour prevent you from hitting weresquid's ghost.
Weresquid's ghost hits you!
* * * LOW HITPOINT WARNING * * *
You barely miss weresquid's ghost.
Weresquid's ghost hits you but does no damage.
You slash weresquid's ghost! You block weresquid's ghost's attack.
Your shield and plate armour prevent you from hitting weresquid's ghost.
You block weresquid's ghost's attack.
You hit weresquid's ghost. Weresquid's ghost hits you!
You die...

#.....P...#.##.##.>.P.#.....###
#...........##.##.#.#.#.....#.8
#...........##.............)...
#.#.........##..#.#.P......#8.>
#H#.........##†#....#..........
#.#.........##.##...#.P....#..8
#..............##.#.#.#......##
#............#.##.#...#.......#
#...........##@W............#.#
#.#.........##....#...#.....#.#
#...#.......##..............#..
#.#...#.....##.................
#.#...#.#....#..........#......
#.#..##.##.#............#......
, *.,*####..#............##. ,,
# , #..#........#...#8. * **
#....#...............>


You could see weresquid's ghost.

Vanquished Creatures
  A hydra (Lair:1)
  The ghost of Burgietje the Fighter, a novice GrFi (D:5)
  2 hippogriffs
  Sigmund (D:4)
  A yak (D:8)
  7 porcupines
  5 water moccasins
  2 orc warriors (D:8)
  3 sky beasts
  A necrophage (D:6)
  An ogre (D:8)
  4 phantoms
  A wolf (Lair:1)
  2 centaurs
  10 crocodiles
  A big kobold (D:7)
  10 bullfrogs
  A gnoll sergeant (D:7)
  6 scorpions
  8 killer bees
  4 howler monkeys
  A bullfrog zombie (D:7)
  3 crimson imps
  5 orc priests
  3 bullfrog skeletons
  Crazy Yiuf (D:6)
  2 hounds
  3 orc wizards (D:7)
  3 worker ants
  A hound skeleton (D:8)
  9 gnolls
  4 adders
  A river rat (D:4)
  2 shadow imps (D:6)
  3 oozes
  3 adder skeletons
  An adder zombie (D:5)
  6 worms
  2 dart slugs (D:3)
  8 leopard geckos
  23 orcs
  12 bats
  8 giant cockroaches
  5 goblins
  13 hobgoblins
  20 jackals
  5 quokkas
  3 ball pythons
  3 frilled lizards
  7 kobolds
  A quokka skeleton (D:8)
  8 rats
  A fungus (Lair:1)
  5 plants
247 creatures vanquished.

Vanquished Creatures (others)
  A black bear (D:8)
  An orc (D:8)
  A giant cockroach (D:8)
  A quokka (D:8)
  28 fungi
  9 plants (D:8)
41 creatures vanquished.

Grand Total: 288 creatures vanquished

Notes
Turn   | Place    | Note
-------+----------+-------------------------------------------
     0 | D:1      | RKaid the Deep Dwarf Fighter began the quest for the Orb.
     0 | D:1      | Reached XP level 1. HP: 20/20 MP: 1/1
    94 | D:1      | Reached XP level 2. HP: 22/27 MP: 2/2
   240 | D:1      | Reached skill level 3 in Axes
   268 | D:1      | Reached XP level 3. HP: 26/33 MP: 3/3
   407 | D:1      | Reached skill level 3 in Fighting
   705 | D:2      | Found a bloodstained altar of Trog.
   736 | D:2      | Found a radiant altar of Vehumet.
   789 | D:2      | Reached XP level 4. HP: 29/42 MP: 4/4
  1267 | D:3      | Reached skill level 4 in Shields
  1299 | D:3      | Found a glowing golden altar of the Shining One.
  1299 | D:3      | Found a glowing silver altar of Zin.
  1299 | D:3      | Found a white marble altar of Elyvilon.
  1401 | D:3      | Reached skill level 4 in Armour
  1471 | D:3      | Reached skill level 4 in Axes
  1647 | D:3      | Reached XP level 5. HP: 15/49 MP: 5/5
  1937 | D:4      | Found a glowing drain.
  1981 | D:4      | Reached XP level 6. HP: 27/56 MP: 6/6
  2092 | D:4      | Reached skill level 5 in Axes
  2419 | D:4      | Found a staircase to the Ecumenical Temple.
  2446 | D:4      | Noticed Sigmund
  2482 | D:4      | Killed Sigmund
  2482 | D:4      | Reached skill level 4 in Fighting
  2482 | D:4      | Reached skill level 5 in Armour
  2482 | D:4      | Reached skill level 5 in Shields
  2482 | D:4      | Reached XP level 7. HP: 39/64 MP: 6/6
  2541 | D:4      | Reached skill level 6 in Axes
  2674 | D:5      | Entered Level 5 of the Dungeon
  2674 | D:5      | Noticed Burgietje's ghost (novice GrFi)
  2681 | D:5      | HP: 15/64 [Burgietje's ghost (9)]
  2735 | D:5      | HP: 16/64 [Burgietje's ghost (15)]
  2896 | D:5      | Found Kutun's Magic Scroll Shop.
  2911 | D:5      | HP: 15/64 [sky beast (3)]
  2913 | D:5      | HP: 6/64 [sky beast (4)]
  2936 | D:5      | Bought a scroll of teleportation for 39 gold pieces
  2936 | D:5      | Bought a scroll of identify for 26 gold pieces
  2974 | Temple   | Entered the Ecumenical Temple
  3065 | D:5      | Found a sparkling altar of Nemelex Xobeh.
  3124 | D:5      | Killed Burgietje's ghost
  3124 | D:5      | Reached skill level 7 in Axes
  3124 | D:5      | Reached XP level 8. HP: 57/73 MP: 6/6
  3405 | D:6      | Found a hide-covered altar of Uskayaw.
  3406 | D:6      | Found a stormy altar of Qazlal.
  3830 | D:6      | Reached skill level 5 in Fighting
  3830 | D:6      | Reached skill level 6 in Armour
  3830 | D:6      | Reached skill level 6 in Shields
  4032 | D:6      | Got a faintly glowing robe
  4163 | D:6      | Found an opulent altar of Gozag.
  4272 | D:6      | Found a snail-covered altar of Cheibriados.
  4317 | D:6      | Found a runed door.
  4476 | D:6      | Found an iron altar of Okawaru.
  4499 | D:6      | Became a worshipper of Warmaster Okawaru
  4686 | D:6      | Noticed Crazy Yiuf
  4699 | D:6      | HP: 18/74 [Crazy Yiuf/quarterstaff of chaos (12)]
  4701 | D:6      | Killed Crazy Yiuf
  4811 | D:7      | Reached skill level 8 in Axes
  4877 | D:7      | Reached * piety under Okawaru
  4893 | D:7      | Gained mutation: You passively map the area around you. [Deep Dwarf growth]
  4893 | D:7      | Reached XP level 9. HP: 42/81 MP: 6/6
  5238 | D:7      | Found Nuixtuff's Armour Shoppe.
  5710 | D:7      | Reached skill level 9 in Axes
  5788 | D:7      | Reached skill level 7 in Shields
  5791 | D:7      | Reached skill level 7 in Armour
  5802 | D:7      | Identified the Compendium of Boosting Attacks
  5877 | D:7      | HP: 20/82 [killer bee (2)]
  5887 | D:7      | HP: 20/82 [poisoned by a killer bee]
  5889 | D:7      | HP: 7/82 [poisoned by a killer bee]
  6096 | D:8      | Reached skill level 6 in Fighting
  6153 | D:8      | Reached ** piety under Okawaru
  6279 | D:8      | Found a shimmering altar of Xom.
  6345 | D:8      | HP: 14/82 [porcupine's spines (12)]
  6349 | D:8      | Reached skill level 10 in Axes
  6364 | D:8      | Found a staircase to the Lair.
  6379 | D:8      | HP: 16/85 [porcupine's spines (10)]
  6385 | D:8      | Reached XP level 10. HP: 63/92 MP: 5/5
  6596 | D:8      | Reached *** piety under Okawaru
  6596 | D:8      | Reached skill level 8 in Armour
  6596 | D:8      | Reached skill level 8 in Shields
  6852 | Lair:1   | Entered Level 1 of the Lair of Beasts
  6861 | Lair:1   | HP: 23/92 [bullfrog (3)]
  7040 | Lair:1   | HP: 20/92 [crocodile (12)]
  7057 | Lair:1   | Reached skill level 7 in Fighting
  7081 | Lair:1   | Noticed a four-headed hydra
  7090 | Lair:1   | HP: 23/94 [seven-headed hydra (2)]
  7102 | Lair:1   | HP: 14/94 [seven-headed hydra (9)]
  7107 | Lair:1   | HP: 14/94 [six-headed hydra (8)]
  7113 | Lair:1   | HP: 8/94 [three-headed hydra (8)]
  7127 | Lair:1   | HP: 4/94 [one-headed hydra (3)]
  7129 | Lair:1   | Killed a one-headed hydra
  7129 | Lair:1   | Reached **** piety under Okawaru
  7129 | Lair:1   | Reached skill level 11 in Axes
  7151 | Lair:1   | HP: 10/94 [hippogriff (2)]
  7219 | Lair:1   | Reached skill level 1 in Invocations
  7295 | Lair:1   | Reached skill level 2 in Invocations
  7372 | Lair:1   | Noticed weresquid's ghost (journeyman TrCK)
  7419 | Lair:1   | HP: 8/94 [weresquid's ghost (23)]
  7457 | D:9      | HP: 6/94 [hippogriff (2)]
  7481 | D:8      | HP: 3/94 [orc warrior/scimitar (3)]
  7487 | D:8      | HP: 20/94 [orc warrior/scimitar (5)]
  7739 | D:9      | Reached skill level 3 in Invocations
  7781 | D:9      | Noticed a skeletal warrior
  7821 | Lair:1   | HP: 21/94 [porcupine (7)]
  7852 | Lair:1   | HP: 19/94 [weresquid's ghost (26)]
  7857 | Lair:1   | HP: 5/94 [weresquid's ghost (14)]
  7861 | Lair:1   | Mangled by weresquid's ghost

Skill      XL: |  1  2  3  4  5  6  7  8  9 10 |
---------------+-------------------------------+-----
Axes           | 3 4 5 7 8 10 11 | 11.5
Fighting       | 3 4 5 6 7 |  7.4
Shields        | 4 5 6 7 8 |  8.9
Armour         | 4 5 6 7 8 |  8.8
Invocations    | 3 |  3.1

Action                   |  1- 3 |  4- 6 |  7- 9 | 10-12 || total
-------------------------+-------+-------+-------+-------++-------
Melee: War axe           |    84 |   232 |    85 |   195 ||   596
       Hand axe          |       |       |   427 |    54 ||   481
 Abil: Heal Wounds       |       |     3 |    22 |    17 ||    42
  Use: Potion            |       |     1 |     2 |     2 ||     5
       Scroll            |       |       |    10 |     9 ||    19
  Eat: Chunk             |       |     6 |    10 |     5 ||    21
       Ration            |       |       |     1 |       ||     1
Armor: Scale mail        |    33 |    95 |   183 |    25 ||   336
       Skin              |       |       |    30 |       ||    30
       Plate armour      |       |       |       |   120 ||   120
Dodge: Dodged            |    24 |    63 |   127 |    61 ||   275
Block: Shield            |    52 |   121 |   304 |   184 ||   661

Table legend:
 A = Turns spent in this place as a percentage of turns spent in the entire game.
 B = Non-inter-level travel turns spent in this place as a percentage of non-inter-level travel turns spent in the entire game.
 C = Inter-level travel turns spent in this place as a percentage of turns spent in this place.
 D = Turns resting spent in this place as a percentage of non-inter-level travel turns spent in this place.
 E = Turns spent auto-exploring this place as a percentage of non-inter-level travel turns spent in this place.
 F = Non-inter-level travel turns spent in this place divided by the number of levels of this place that you've seen.
                   A       B       C       D       E      F
               +-------+-------+-------+-------+-------+----------------------
         Total | 100.0 | 100.0 |   7.7 |   5.0 |  65.5 | 659.3
       Dungeon |  92.9 |  92.6 |   8.0 |   5.2 |  68.7 | 746.3
        Temple |   0.8 |   0.6 |  20.3 |   0.0 |  95.7 |  47.0
          Lair |   6.4 |   6.7 |   3.0 |   2.9 |  18.9 | 488.0
               +-------+-------+-------+-------+-------+----------------------

Table legend:
 A = Kills in this place as a percentage of kills in entire the game.
 B = Kills by you in this place as a percentage of kills by you in the entire game.
 C = Kills by friends in this place as a percentage of kills by friends in the entire game.
 D = Other kills in this place as a percentage of other kills in the entire game.
 E = Experience gained in this place as a percentage of experience gained in the entire game.
 F = Experience gained in this place divided by the number of levels of this place that you have seen.
                   A       B       C       D       E      F
               +-------+-------+-------+-------+-------+----------------------
         Total | 100.0 | 100.0 |   N/A |   N/A | 100.0 | 960.0
       Dungeon |  90.9 |  90.9 |   N/A |   N/A |  66.5 | 780.3
          Lair |   9.1 |   9.1 |   N/A |   N/A |  33.5 | 3537.0
               +-------+-------+-------+-------+-------+----------------------
